 Dungeon Crawl Stone Soup version 0.17.1-2-g5865329 (webtiles) character file.

10516 Faustar the Cleaver (level 11, -1/103 HPs)
             Began as a Deep Dwarf Fighter on Jan 30, 2016.
             Was the Champion of Makhleb.
             Slain by a spiny frog (14 damage)
             ... on level 2 of the Lair of Beasts.
             The game lasted 00:49:20 (8641 turns).

Faustar the Cleaver (Deep Dwarf Fighter)            Turns: 8641, Time: 00:49:20

Health: -1/103     AC: 10    Str: 43    XL:     11   Next: 37%
Magic:  9/9        EV:  8    Int:  6    God:    Makhleb [******]
Gold:   1117       SH: 11    Dex: 12    Spells: 0 memorised, 10 levels left

rFire  + . .     SeeInvis .     v - +3 spear of Dust {pierce, rElec rF+ Str+12 Int-3}
rCold  . . .     Clarity  .     b - +0 scale mail
rNeg   . . .     SustAt   .     c - +0 shield
rPois  .         Gourm    .     C - +2 hat
rElec  +         Spirit   .     (no cloak)
rCorr  .         Warding  .     (no gloves)
rMut   .         Stasis   .     (no boots)
MR     +....                    (no amulet)
Stlth  ..........               J - +4 ring of strength
                                O - +4 ring of strength

@: lethally poisoned (-1 -> -1), non-regenerating, somewhat resistant to hostile
enchantments, extremely unstealthy
A: damage resistance, recharge devices, sense surroundings 2, slow regeneration
3, spit poison 1
a: Device Recharging, Spit Poison, Minor Destruction, Lesser Servant of Makhleb,
Major Destruction, Greater Servant of Makhleb, Renounce Religion


You were on level 2 of the Lair of Beasts.
You worshipped Makhleb.
Makhleb was exalted by your worship.
You were not hungry.

You visited 2 branches of the dungeon, and saw 12 of its levels.
You also visited: Ossuary and Bailey.

You collected 1117 gold pieces.

Inventory:

Hand Weapons
 a - a +1 war axe
 v - the +3 spear of Dust (weapon) {pierce, rElec rF+ Str+12 Int-3}
   (You found it on level 8 of the Dungeon)

   It inflicts extra damage upon your enemies.
   It affects your strength (+12).
   It affects your intelligence (-3).
   It protects you from fire.
   It insulates you from electricity.
 M - a +1 vampiric war axe
 N - the +9 hand axe "Poteist" {flame, *Drain +Rage MR++}
   (You found it on level 9 of the Dungeon)

   It has been specially enchanted to burn those struck by it, causing extra
   injury to most foes and up to half again as much damage against particularly
   susceptible opponents.
   Big, fiery blades are also staple armaments of hydra-hunters.
   It affects your resistance to hostile enchantments.
   It lets you go berserk.
   It causes draining when unequipped.
Armour
 b - a +0 scale mail (worn)
 c - a +0 shield (worn)
 x - a +0 leather armour of fire resistance
 C - a +2 hat (worn)
 E - a +0 plate armour
 F - a +0 plate armour
Jewellery
 j - a +5 ring of intelligence
 l - an uncursed ring of flight
 s - an uncursed ring of ice
 J - a +4 ring of strength (right hand)
 O - a +4 ring of strength (left hand)
Wands
 e - a wand of heal wounds (0)
 q - a wand of frost (26)
 w - a wand of magic darts (11)
 A - a wand of polymorph (6)
 D - a wand of hasting (5)
 G - a wand of fire (5)
 H - a wand of frost (22)
 L - a wand of draining (7)
 P - a wand of invisibility (4)
Scrolls
 h - 6 scrolls of identify
 n - 6 scrolls of remove curse
 y - a scroll of fog
 B - a scroll of blinking
 I - a scroll of magic mapping
 K - a scroll of enchant weapon
 R - a scroll of recharging {unknown}
 T - a scroll of amnesia
 V - a scroll of vulnerability {unknown}
 W - a scroll of fear {unknown}
Potions
 g - 4 potions of curing
 i - a potion of brilliance
 m - 5 potions of flight
 p - 2 potions of haste
 r - 2 potions of lignification
 z - a potion of magic
 X - a potion of might
Books
 d - a book of Ice

   Spells                             Type                      Level
   a - Ice Form                       Ice/Transmutation            4
   b - Metabolic Englaciation         Hexes/Ice                    5
   c - Ozocubu's Refrigeration        Ice                          6
   d - Bolt of Cold                   Conjuration/Ice              6
   e - Freezing Cloud                 Conjuration/Ice/Air          6
   f - Simulacrum                     Ice/Necromancy               6
 u - Sif Muna's Handbook of Malediction
   (You found it on level 6 of the Dungeon)

   Spells                             Type                      Level
   a - Confusing Touch                Hexes                        2
   b - Spectral Weapon                Hexes/Charms                 3
   c - Gell's Gravitas                Hexes/Translocation          3
   d - Leda's Liquefaction            Hexes/Earth                  4
   e - Summon Mana Viper              Hexes/Summoning              5
Comestibles
 f - 3 bread rations
 k - a meat ration
 o - 2 beef jerkies
 t - a royal jelly
 Q - 6 chunks of flesh
 S - a slice of pizza
 U - 20 fruits


   Skills:
 - Level 8.0 Fighting
 - Level 11.1(11.9) Axes
 - Level 6.2(8.7) Polearms
 - Level 8.5 Armour
 - Level 3.2 Shields
 + Level 10.1 Invocations


You had 10 spell levels left.
You didn't know any spells.

Dungeon Overview and Level Annotations

Branches:
Dungeon (10/15)            Temple (0/1) D:4            Lair (2/8) D:10
    Orc: D:9-12

Altars:
Ashenzari
Cheibriados
Elyvilon
Fedhas
Makhleb
Sif Muna
Zin
The Shining One


Innate Abilities, Weirdness & Mutations

You are resistant to damage.
You can recharge devices by infusing magical energy.
You passively map the area around you.
You do not regenerate naturally.
You can spit weak poison.


Message History

You are too injured to fight recklessly!
You are too injured to fight recklessly!
You are too injured to fight recklessly!
You don't know any spells.
Evoke which item? (* to show all) (? for menu, Esc to quit)
Okay, then.
You hit the spiny frog.
The spiny frog is severely wounded.
The spiny frog stings you.
* * * LOW HITPOINT WARNING * * *
You hit the spiny frog but do no damage.
The spiny frog is severely wounded.
The spiny frog stings you!
* * * LOW HITPOINT WARNING * * *
You barely miss the spiny frog.
The spiny frog is severely wounded.
You closely miss the spiny frog.
The spiny frog is severely wounded.
The spiny frog completely misses you. The spiny frog stings you!
You die...

......#.# * ............... , ,
................ ,, ,, , ,
#..###.......... , ,*,* , * ,
#..# #.........## , ## *
....###......... ,..# , ,
...##P#........###*..###*, *
P..#...........PP#.....# ,, ,
.... ...........@F...... , ..
..........?......[. , ,, , ..* ,
..#.#..P###......... ** .# , *
#...## #........ .. , , *
##..##**........., ... . *
#....#*,#........* #.. # ##...#
#........### #.. #..#
##...####........#.# #..
####..####....P##...........###..


You could see a spiny frog.

Vanquished Creatures
  Nergalle (Lair:1)
  2 komodo dragons (Lair:1)
  2 spiny frogs
  The ghost of Faustar the Chopper, an amateur DDFi (D:4)
  A polar bear (Lair:2)
  9 yaks (Lair:1)
  A deep elf mage (D:9)
  7 wolves (Lair:2)
  2 hippogriffs
  Menkaure (D:7)
  2 porcupines
  2 sky beasts (D:5)
  A phantom (D:9)
  3 water moccasins (Lair:1)
  A black bear (D:9)
  2 ogres
  7 orc warriors
  7 necrophages
  A crocodile (Lair:1)
  2 centaurs
  An elf zombie (Ossuary)
  Blork the orc (D:5)
  A big kobold (D:8)
  4 giant frogs
  7 gnoll sergeants (Bailey)
  A scorpion (D:5)
  4 wights (D:6)
  A centaur zombie (Ossuary)
  2 giant frog zombies
  5 crimson imps
  5 hounds
  6 orc priests
  2 giant frog skeletons
  6 gnoll shamans (Bailey)
  2 centaur skeletons
  9 orc wizards
  2 human zombies (Ossuary)
  A jelly (D:6)
  4 iguanas
  5 worker ants
  3 hound zombies
  A hound skeleton (D:5)
  2 mummies (Ossuary)
  8 adders
  18 river rats
  15 gnolls
  A shadow imp (D:9)
  2 adder zombies
  An adder skeleton (D:6)
  7 worms
  6 giant geckos
  29 orcs
  9 giant cockroaches
  9 goblins
  13 hobgoblins
  5 quokkas
  11 bats
  A giant gecko skeleton (D:4)
  A giant gecko zombie (D:9)
  4 giant newts
  A goblin zombie (Ossuary)
  9 hobgoblin zombies (Ossuary)
  A jackal zombie (Ossuary)
  13 kobolds
  14 kobold zombies (Ossuary)
  7 orc zombies (Ossuary)
  A quokka skeleton (D:4)
  A quokka zombie (D:6)
  7 rats
  A fungus (D:1)
  A plant (D:10)
326 creatures vanquished.

Vanquished Creatures (collateral kills)
  A wraith (D:10)
  A gnoll sergeant (Bailey)
  2 gnolls (Bailey)
  3 orcs (D:10)
7 creatures vanquished.

Vanquished Creatures (others)
  3 bushes (D:6)
  8 plants (D:6)
11 creatures vanquished.

Grand Total: 344 creatures vanquished

Notes
Turn   | Place    | Note
--------------------------------------------------------------
     0 | D:1      | Faustar the Deep Dwarf Fighter began the quest for the Orb.
     0 | D:1      | Reached XP level 1. HP: 20/20 MP: 1/1
    84 | D:1      | Reached XP level 2. HP: 25/27 MP: 2/2
   728 | D:2      | Found a burning altar of Makhleb.
   734 | D:2      | Became a worshipper of Makhleb the Destroyer
   823 | D:2      | Reached XP level 3. HP: 24/33 MP: 3/3
   843 | D:2      | Reached skill level 4 in Axes
  1170 | D:2      | Reached * piety under Makhleb
  1245 | D:2      | Reached XP level 4. HP: 14/40 MP: 4/4
  1271 | D:2      | Reached skill level 5 in Axes
  1436 | D:3      | Found a shattered altar of Ashenzari.
  1632 | D:3      | Reached XP level 5. HP: 41/46 MP: 5/5
  1637 | D:3      | Reached ** piety under Makhleb
  1694 | D:3      | Reached skill level 6 in Axes
  1992 | D:4      | Found a glowing golden altar of the Shining One.
  1992 | D:4      | Found a white marble altar of Elyvilon.
  1992 | D:4      | Found a glowing silver altar of Zin.
  2073 | D:4      | Noticed Faustar's ghost (amateur DDFi)
  2204 | D:4      | Noticed an ogre
  2211 | D:4      | Killed an ogre
  2211 | D:4      | Reached XP level 6. HP: 56/58 MP: 6/6
  2278 | D:4      | Found a staircase to the Ecumenical Temple.
  2330 | D:4      | Killed Faustar's ghost
  2330 | D:4      | Reached skill level 5 in Fighting
  2330 | D:4      | Reached XP level 7. HP: 48/68 MP: 7/7
  2539 | D:5      | Entered Level 5 of the Dungeon
  2721 | D:5      | Reached skill level 7 in Fighting
  2730 | D:5      | Reached *** piety under Makhleb
  2858 | D:5      | Noticed Blork the orc
  2867 | D:5      | Killed Blork the orc
  3096 | D:5      | Reached XP level 8. HP: 57/80 MP: 7/7
  3238 | D:6      | Reached skill level 8 in Fighting
  3345 | D:6      | Found a blossoming altar of Fedhas.
  3419 | D:6      | Identified Sif Muna's Handbook of Malediction
  3544 | D:6      | Found a sand-covered staircase.
  3587 | Ossuary  | Entered an ossuary
  3598 | Ossuary  | Reached **** piety under Makhleb
  4080 | D:6      | Reached ***** piety under Makhleb
  4268 | D:6      | Reached skill level 9 in Axes
  4346 | D:6      | Gained mutation: You passively map the area around you. [Deep Dwarf growth]
  4346 | D:6      | Reached XP level 9. HP: 73/88 MP: 8/8
  4372 | D:6      | Reached skill level 10 in Axes
  4791 | D:7      | Noticed Menkaure
  4809 | D:7      | Killed Menkaure
  4809 | D:7      | Reached skill level 11 in Axes
  4827 | D:7      | You fall through a shaft!
  4879 | D:8      | Found a flagged portal.
  4897 | D:8      | Got an ebony spear
  4898 | D:8      | Identified the +3 spear of Dust {pierce, rElec rF+ Str+12 Int-3} (You found it on level 8 of the Dungeon)
  4906 | Bailey   | Entered a bailey
  4957 | Bailey   | Reached skill level 1 in Polearms
  5217 | Bailey   | Reached skill level 5 in Armour
  5756 | D:8      | Reached XP level 10. HP: 65/96 MP: 6/6
  6348 | D:9      | Got a brightly glowing hand axe
  6349 | D:9      | Identified the +9 hand axe "Poteist" {flame, *Drain +Rage MR++} (You found it on level 9 of the Dungeon)
  6418 | D:9      | Reached ****** piety under Makhleb
  6502 | D:9      | Found a snail-covered altar of Cheibriados.
  6795 | D:9      | Found a deep blue altar of Sif Muna.
  6876 | D:9      | Reached skill level 1 in Invocations
  6890 | D:10     | Entered Level 10 of the Dungeon
  6900 | D:10     | Found a staircase to the Lair.
  7118 | Lair:1   | Entered Level 1 of the Lair of Beasts
  7256 | Lair:1   | Reached skill level 5 in Invocations
  7512 | Lair:1   | Reached XP level 11. HP: 71/103 MP: 12/12
  7588 | Lair:1   | Reached skill level 10 in Invocations
  7665 | Lair:1   | Noticed Nergalle
  7848 | Lair:1   | Gained mutation: You can spit weak poison. [potion of beneficial mutation]
  7850 | Lair:1   | Identified a scroll of acquirement
  7919 | Lair:1   | Killed Nergalle
  8220 | Lair:2   | Reached skill level 5 in Polearms
  8641 | Lair:2   | Slain by a spiny frog

Action                   |  1- 3 |  4- 6 |  7- 9 | 10-12 || total
-------------------------+-------+-------+-------+-------++-------
Melee: War axe           |   115 |   179 |   484 |       ||   778
       Spear             |       |       |   208 |   614 ||   822
Invok: Lesser Servant of |       |       |     1 |     1 ||     2
       Major Destruction |       |       |       |     9 ||     9
 Abil: Device Recharging |       |       |     4 |     5 ||     9
Evoke: Wand              |       |     3 |    18 |    16 ||    37
  Use: Potion            |       |     1 |     7 |     7 ||    15
       Scroll            |       |       |     7 |     7 ||    14
  Eat: Chunk             |     1 |     4 |    14 |    12 ||    31
